 Dungeon Crawl Stone Soup version 0.18-a0-775-g4d9e04e (webtiles) character file.

92 4thArraOfDagon the Chopper (level 4, -6/41 HPs)
             Began as a Hill Orc Berserker on Dec 13, 2015.
             Was a Believer of Trog.
             Killed by nerve-wracking pain
             ... invoked by Jessica
              (9 damage)
             ... on level 3 of the Dungeon.
             The game lasted 00:02:38 (598 turns).

4thArraOfDagon the Chopper (Hill Orc Berserker)      Turns: 598, Time: 00:02:38

Health: -6/41      AC:  2    Str: 20    XL:     4   Next: 60%
Magic:  4/4        EV: 12    Int:  7    God:    Trog [**....]
Gold:   51         SH:  0    Dex: 10    Spells: 0 memorised, 3 levels left

rFire  . . .     SeeInvis .     a - +0 hand axe
rCold  . . .     Clarity  .     b - +0 animal skin
rNeg   . . .     SustAt   .     (no shield)
rPois  .         Gourm    .     (no helmet)
rElec  .         Spirit   .     (no cloak)
rCorr  .         Dismiss  .     (no gloves)
rMut   .         Stasis   .     (no boots)
MR     .....                    (no amulet)
Stlth  +.........               (no ring)
                                (no ring)

@: exhausted, slowed, very slow, not resistant to hostile enchantments, very
unstealthy
A: no striking features
a: Berserk, Trog's Hand, Burn Spellbooks, Renounce Religion


You were on level 3 of the Dungeon.
You worshipped Trog.
Trog was pleased with you.
You were very hungry.

You visited 1 branch of the dungeon, and saw 3 of its levels.

You collected 51 gold pieces.

Inventory:

Hand Weapons
 a - a +0 hand axe (weapon)
Missiles
 m - 2 javelins (quivered)
Armour
 b - a +0 animal skin (worn)
Scrolls
 d - a scroll of identify {unknown}
 e - a scroll of teleportation {unknown}
 h - 2 scrolls of remove curse {unknown}
 i - a scroll of noise {unknown}
 l - a scroll of fog {unknown}
Potions
 g - a potion of lignification {unknown}
 j - a potion of ambrosia {unknown}
Comestibles
 c - a bread ration
 f - a slice of pizza
 k - 2 chunks of flesh


   Skills:
 + Level 4.3 Fighting
 * Level 5.5 Axes
 + Level 3.2 Armour
 - Level 1.5 Dodging


You had 3 spell levels left.
You didn't know any spells.

Dungeon Overview and Level Annotations

Branches:
Dungeon (3/15)

Altars:
Gozag
Ru
Yredelemnul

Annotations:
D:3 Jessica


Message History

You kill the goblin!
Trog accepts your kill.
You barely miss Robin.
Robin is almost dead.
Robin hits you with a whip.
* * * LOW HITPOINT WARNING * * *
Unknown command.
Unknown command.
You slash Jessica!
Jessica is almost dead.
You hit Robin.
You kill Robin!
Trog accepts your kill.
You are no longer berserk.
You are exhausted.
You feel yourself slow down.
You are feeling very hungry.
Jessica gestures at you while chanting. Pain shoots through your body!
You die...

########## # #........#
##.#...(....#####
.$#............# #
#.............# #
#.............######
#.#..@)......(........
#...)@)...............
#$...)†...............
.........#####.########.
..#.##.#.. ...# #. ....
#.#.####### #. .<# #.#.#
#. ## #.#.# .. #.... .#
.


You could see Jessica.

Vanquished Creatures
  Robin (D:3)
  2 adders
  3 gnolls (D:3)
  3 oozes (D:1)
  3 hobgoblins
  3 kobolds (D:1)
  A bat (D:1)
  3 giant newts
  11 goblins
  A rat (D:2)
31 creatures vanquished.

Notes
Turn   | Place    | Note
--------------------------------------------------------------
     0 | D:1      | 4thArraOfDagon the Hill Orc Berserker began the quest for the Orb.
     0 | D:1      | Reached XP level 1. HP: 19/19 MP: 1/1
    93 | D:1      | Reached XP level 2. HP: 27/27 MP: 2/2
   140 | D:2      | Reached XP level 3. HP: 33/33 MP: 3/3
   203 | D:1      | Reached skill level 5 in Axes
   412 | D:2      | Found a basalt altar of Yredelemnul.
   413 | D:2      | Found a sacrificial altar of Ru.
   457 | D:3      | HP: 1/49 [gnoll (8)]
   458 | D:3      | Reached ** piety under Trog
   458 | D:3      | Reached XP level 4. HP: 1/40 MP: 4/4
   506 | D:3      | Found an opulent altar of Gozag.
   583 | D:3      | Noticed Robin
   589 | D:3      | Noticed Jessica
   598 | D:3      | Killed Robin
   598 | D:3      | Killed from afar by Jessica

Vault maps used:
D:1:      dpeg_arrival_circle_labyrinth_c, minmay_misc_feat_x
D:2:      gammafunk_temple_overflow_statue, amethyst_overflow_temple_binary
D:3:      lemuel_doored_altar, first_bread, uniq_robin, uniq_purgy, uniq_jessica

Action                   |  1- 3 |  4- 6 || total
-------------------------+-------+-------++-------
Melee: Hand axe          |    37 |    17 ||    54
Invok: Berserk           |     4 |     1 ||     5
       Trog's Hand       |       |     1 ||     1
  Eat: Chunk             |     1 |     2 ||     3
